 Dungeon Crawl Stone Soup version 0.16.2-14-gc338ae411c (webtiles) character file.

162915 MordorOrchid the Eclecticist (level 17, -19/93 HPs)
             Began as a Deep Elf Fire Elementalist on Mar 8, 2020.
             Was the Champion of Ashenzari.
             Killed from afar by a deep elf sorcerer (44 damage)
             ... with a blast of hellfire
             ... on level 3 of the Elven Halls on Mar 11, 2020.
             The game lasted 04:57:35 (30403 turns).

MordorOrchid the Eclecticist (DEFE)                Turns: 30403, Time: 04:57:35

Health: -19/93     AC: 19    Str:  4    XL:     17   Next: 23%
Magic:  9/50       EV: 19    Int: 31    God:    Ashenzari [******]
Gold:   1015       SH:  7    Dex: 15    Spells: 13 memorised, 6 levels left

rFire  . . .     SeeInvis +     x - staff of energy
rCold  . . .     Clarity  +     d - +3 leather armour "Gypaott" {rN+ Int+2}
rNeg   + . .     SustAb   .     f - +2 buckler {AC+3} (curse)
rPois  .         Gourm    +     z - +0 helmet {SInv}
rElec  .         Spirit   .     e - +1 cloak
rCorr  .         Warding  .     P - +3 pair of gauntlets of War {Slay+5} (curse)
rMut   .         Stasis   .     b - +1 pair of boots
MR     +....                    R - amulet of the gourmand
Stlth  +++.......               h - ring of magical power (curse)
                                Z - ring of wizardry (curse)

@: somewhat resistant to hostile enchantments, fairly stealthy
A: no striking features
a: Scrying, Transfer Knowledge, Renounce Religion


You were on level 3 of the Elven Halls.
You worshipped Ashenzari.
Ashenzari was exalted by your worship.
You were very full.

You visited 5 branches of the dungeon, and saw 31 of its levels.
You visited 1 bazaar.
You also visited: Labyrinth, Ossuary and Volcano.

You collected 3753 gold pieces.
You spent 2738 gold pieces at shops.

Inventory:

Hand weapons
 w - the +8 hand axe "Brous" {freeze, rC+ MR- Str+6 Dex+4}
   (You found it on level 7 of the Lair of Beasts)

   It has been specially enchanted to freeze those struck by it, causing extra
   injury to most foes and up to half again as much damage against particularly
   susceptible opponents.
   It can also slow down cold-blooded creatures.
   It affects your strength (+6).
   It affects your dexterity (+4).
   It protects you from cold.
   It affects your resistance to hostile enchantments.
 I - the +7 war axe "Clikiq" {chop, Noisy +Blink MR+ Dex+4}
   (You found it on level 4 of the Dungeon)

   It inflicts extra damage upon your enemies.
   It affects your dexterity (+4).
   It affects your resistance to hostile enchantments.
   It lets you blink.
   It may make noises in combat.
 V - a +4 blowgun
Missiles
 F - 8 javelins of penetration (quivered)
 T - 6 throwing nets
 Y - 5 curare-tipped needles
Armour
 b - a +1 pair of boots (worn)
 d - the +3 leather armour "Gypaott" (worn) {rN+ Int+2}
   (You bought it in a shop on level 4 of the Orcish Mines)

   It affects your intelligence (+2).
   It protects you from negative energy.
 e - a +1 cloak (worn)
 f - a cursed +2 buckler of protection (worn)
 z - a +0 helmet of see invisible (worn)
 P - the cursed +3 pair of gauntlets of War (worn) {Slay+5}
   (You found it in a labyrinth)

   It affects your accuracy and damage with ranged weapons and melee attacks
   (+5).
   It has a curse placed upon it.
Magical staves
 x - an uncursed staff of energy (weapon)
Jewellery
 h - a cursed ring of magical power (right hand)
 K - an uncursed ring of protection from cold
 R - an amulet of the gourmand (around neck)
 S - an uncursed ring of protection from fire
 U - an uncursed amulet of stasis
 Z - a cursed ring of wizardry (left hand)
Magical devices
 s - a wand of hasting (4)
 t - a wand of polymorph (20)
 y - a wand of enslavement (15)
 C - a wand of heal wounds (5)
 E - a wand of paralysis (13)
 J - a wand of fire (3)
 Q - a wand of digging (4)
 X - a wand of paralysis (20)
Scrolls
 j - 6 scrolls of recharging
 k - 10 scrolls of remove curse
 l - 5 scrolls of immolation
 m - 6 scrolls of fear
 n - 4 scrolls of magic mapping
 v - a scroll of blinking
 L - 8 scrolls of teleportation
 M - 2 scrolls of fog
Potions
 i - 5 potions of curing
 o - 9 potions of heal wounds
 p - 4 potions of resistance
 D - a potion of magic
 G - 5 potions of agility
 H - 2 potions of ambrosia
 O - a potion of haste
Books
 A - a Necronomicon {highlevel}

   This book is beyond your current level of understanding.

   Spells                             Type                      Level
   a - Haunt                          Necromancy/Summoning         7
   b - Borgnjor's Revivification      Necromancy                   8
   c - Death's Door                   Charms/Necromancy            8
   d - Necromutation                  Transmutation/Necromancy     8
 B - a book of Alchemy

   Spells                             Type                      Level
   a - Sublimation of Blood           Necromancy                   2
   b - Alistair's Intoxication        Transmutation/Poison         4
   c - Condensation Shield            Ice                          4
   d - Petrify                        Transmutation/Earth          4
   e - Ignite Poison                  Fire/Transmutation           5
   f - Irradiate                      Conjuration/Transmutation    5
Miscellaneous
 a - a sack of spiders {used: 5}
 g - a phial of floods
 q - a box of beasts {used: 1}
 N - a stone of tremors
 W - a fan of gales
Comestibles
 c - 17 bread rations
 r - a meat ration
 u - 18 fruits


   Skills:
 - Level 6.1 Fighting
 - Level 4.1 Armour
 * Level 13.4 Dodging
 - Level 6.1 Stealth
 - Level 3.0(5.6) Shields
 + Level 17.4 Spellcasting
 * Level 15.4(18.0) Conjurations
 - Level 3.1(5.7) Hexes
 - Level 4.2(7.1) Charms
 - Level 6.0(9.1) Summonings
 * Level 5.0(8.0) Necromancy
 + Level 13.4(16.0) Fire Magic
 * Level 5.6(8.7) Ice Magic
 - Level 6.5(9.6) Air Magic
 - Level 6.1(9.2) Earth Magic
 - Level 9.8(12.6) Evocations


You had 6 spell levels left.
You knew the following spells:

 Your Spells              Type           Power        Failure   Level  Hunger
a - Flame Tongue          Conj/Fire      #####        0%          1    None
b - Throw Flame           Conj/Fire      ######       0%          2    None
c - Conjure Flame         Conj/Fire      #######.     0%          3    None
d - Inner Flame           Hex/Fire       #######.     1%          3    None
e - Sticky Flame          Conj/Fire      #######.     1%          4    None
f - Fireball              Conj/Fire      #######...   1%          5    None
g - Iskenderun's Battles  Conj/Chrm      #######.     1%          5    None
h - Bolt of Magma         Conj/Fire/Erth #######...   1%          5    None
i - Lightning Bolt        Conj/Air       #######...   1%          5    None
j - Abjuration            Summ           ######....   1%          3    None
s - Call Canine Familiar  Summ           ######..     1%          3    None
u - Animate Skeleton      Necr           N/A          1%          1    None
S - Summon Ice Beast      Ice/Summ       ######..     1%          4    None


Dungeon Overview and Level Annotations

Branches:
Dungeon (15/15)            Temple (0/1) D:5            Lair (8/8) D:8
  Swamp (1/5) Lair:6        Snake (0/5) Lair:6       Spider (0/5) Lair:4
  Slime (0/6) Lair:8          Orc (4/4) D:12            Elf (3/3) Orc:3
 Vaults (0/5) D:14         Depths (0/5) D:15

Altars:
Ashenzari
Dithmenos
Makhleb
Nemelex Xobeh
Qazlal
Trog
Xom
Beogh

Shops:
D:4 [   D:10 ?   Orc:2 !%*   Orc:4 *[[(

Annotations:
Elf:2 3 runed doors


Message History

The deep elf sorcerer seems to speed up.
Unknown command.
Unknown command.
Casting: Iskenderun's Battlesphere
Confirm with . or Enter, or press ? or * to list all spells.
Aiming: Fireball
Press: ? - help, Shift-Dir - straight line, f - deep elf sorcerer
Aim: a deep elf sorcerer, wielding a rapier and wearing a chain mail (fast)
The fireball explodes!
The fireball engulfs the deep elf sorcerer.
The deep elf sorcerer is lightly wounded.
The fireball engulfs the deep elf annihilator.
The deep elf annihilator is heavily wounded.
You hear a shout!
Your battlesphere fires!
The barrage of energy hits the deep elf sorcerer.
The deep elf sorcerer is moderately wounded.
The deep elf sorcerer points at you and mumbles some strange words.
The hellfire explodes!
The blast of hellfire engulfs you!
You die...

***,*,,..........,#s#** ***,*
*{∆∆*###.......####$[∆** **,,,*
,∆###..##.....##..###∆∆***∆,***
∆##.....###)###.....##∆∆∆∆,**
##...........e.......###∆***
.............e.........##*
.................*......#
....((..................#
...(............@.......#
.........#...#..........#
........##...###........#
.......###...####.....%.#
.....###........##......#
...###..........#.###...#
..#.#......:).......#...#
........................#
........................##


You could see a deep elf annihilator and a deep elf sorcerer.

Vanquished Creatures
  3 deep elf master archers (Elf:3)
  A sphinx (D:14)
  An orc warlord (Orc:4)
  Maud (Lair:6)
  12 deep elf sorcerers (Elf:3)
  9 deep elf demonologists
  A dire elephant (D:15)
  8 deep elf annihilators
  6 deep elf death magi
  A vault guard (D:14)
  Josephine (D:11)
  A minotaur (Lab)
  A fire dragon (Lair:8)
  8 hydras
  Fannar (D:14)
  Harold (D:14)
  2 deep elf high priests (Elf:3)
  Nessos (Elf:1)
  4 centaur warriors
  Erica (D:15)
  3 death yaks (Lair:7)
  3 dancing weapons (Elf:2)
  A satyr (shapeshifter) (Elf:3)
  4 tengu warriors (D:14)
  An ogre mage (D:14)
  A soul eater (Elf:3)
  Nergalle (Lair:5)
  An orc high priest (Orc:4)
  9 deep elf knights
  An ice devil (D:11)
  Erolcha (D:8)
  An unseen horror (D:10)
  3 hill giants
  3 wizards (D:14)
  3 orc knights
  10 deep elf summoners
  5 orc sorcerers
  A lindwurm (Lair:7)
  A griffon (D:14)
  4 cyclopes
  11 deep elf conjurers
  2 manticores
  2 necromancers (Elf:2)
  6 ugly things (D:14)
  4 elephants (Lair:6)
  8 spiny frogs
  Maurice (Orc:2)
  5 black mambas
  A queen ant (Lair:3)
  12 komodo dragons
  A gargoyle (D:13)
  5 kobold demonologists
  5 deep elf priests
  A wandering mushroom (Lab)
  2 efreet
  3 yaktaurs (D:14)
  3 fire drakes
  Sonja (Elf:1)
  2 tengu conjurers (D:14)
  9 trolls
  Grinder (D:5)
  5 large abominations (Elf:2)
  Prince Ribbit (D:5)
  A fire vortex (Volcano)
  5 slime creatures
  2 two-headed ogres
  A minotaur skeleton (Lab)
  7 blink frogs
  A blink frog (shapeshifter) (Elf:3)
  A spriggan (D:7)
  5 trapdoor spiders
  7 basilisks
  14 deep elf magi
  8 ravens (D:14)
  5 wraiths
  2 shadows (Lab)
  4 wyverns
  A vampire (D:14)
  3 redbacks (Elf:1)
  10 hippogriffs
  A ynoxinul (Elf:3)
  A fire elemental (Volcano)
  28 yaks
  20 humans (D:14)
  6 wolves (Lair:5)
  A vampire mosquito (D:14)
  3 hungry ghosts
  2 mottled dragons (Lair:8)
  19 deep elf fighters
  A swamp worm (Lair:6)
  2 steam dragons (Lair:8)
  Menkaure (D:4)
  8 porcupines
  9 wargs
  4 nagas (Lair:6)
  6 hell hounds (D:15)
  7 soldier ants (Lair:3)
  19 water moccasins
  8 spiders (Lair:4)
  A necrophage (D:13)
  36 orc warriors
  A phantom (D:12)
  3 ice beasts
  3 swamp drakes
  2 sky beasts
  2 wasps
  12 ogres
  An eye of draining (D:13)
  17 centaurs
  17 crocodiles
  Duvessa (Orc:1)
  4 big kobolds
  A cyclops zombie (D:11)
  10 giant frogs
  A water moccasin zombie (Ossuary)
  6 scorpions
  12 killer bees
  4 wights (D:10)
  7 elf zombies (Elf:2)
  4 goliath beetles
  6 electric eels
  17 jellies
  A giant frog zombie (D:7)
  Dowan (Orc:1)
  4 centaur zombies
  10 crimson imps
  10 hounds
  4 centaur skeletons
  10 iguanas
  22 orc priests
  25 worker ants
  2 hell rats (Elf:1)
  41 orc wizards
  A killer bee zombie (D:5)
  22 sheep
  2 big kobold zombies (Ossuary)
  2 hound skeletons
  3 mummies
  Robin (D:3)
  7 gnolls
  57 river rats
  24 adders
  A giant mite (D:5)
  2 shadow imps
  4 worms
  8 adder zombies
  An adder skeleton (D:8)
  3 oozes
  187 orcs
  4 ball pythons
  19 bats
  A bat skeleton (D:7)
  2 gnoll zombies (Ossuary)
  35 goblins
  14 hobgoblins
  8 jackals
  8 quokkas
  4 giant cockroaches
  2 giant geckos
  A giant gecko zombie (D:7)
  9 giant newts
  A giant newt skeleton (D:5)
  2 giant spores
  3 hobgoblin zombies (Ossuary)
  22 kobolds
  2 kobold zombies (Ossuary)
  3 orc zombies (Ossuary)
  A quokka skeleton (D:4)
  A quokka zombie (D:5)
  27 rats
  7 ballistomycetes
  3 fungi (Lair:7)
  A plant (Orc:2)
1238 creatures vanquished.

Vanquished Creatures (collateral kills)
  Louise (D:14)
  The ghost of faibistes the Eclecticist, a mighty DEWz of Sif Muna (Elf:1)
  Azrael (D:15)
  A hornet (D:14)
  A wraith (D:11)
  A fire elemental (D:15)
  2 sheep (Lair:6)
  An adder (D:11)
9 creatures vanquished.

Vanquished Creatures (others)
  3 ice beasts (Elf:3)
  4 water elementals
  A redback (Elf:3)
  3 trapdoor spiders (Elf:3)
  A warg (Elf:3)
  3 spiders
  A lost soul (Elf:3)
  A hound (D:11)
  A chimera (Lair:5)
  A giant mite (Lair:6)
  2 giant spores (D:11)
  11 fungi
  9 plants
41 creatures vanquished.

Grand Total: 1288 creatures vanquished

Notes
Turn   | Place    | Note
--------------------------------------------------------------
     0 | D:1      | MordorOrchid, the Deep Elf Fire Elementalist, began the quest for the Orb.
     0 | D:1      | Reached XP level 1. HP: 10/10 MP: 5/5
     2 | D:1      | Noticed a spriggan
     2 | D:1      | Noticed a tengu
     4 | D:1      | Noticed a demigod
     4 | D:1      | Noticed a merfolk
     6 | D:1      | Noticed a dwarf
     8 | D:1      | Noticed a naga
     8 | D:1      | Noticed a vine stalker
    10 | D:1      | Noticed a felid
    10 | D:1      | Noticed a human
    12 | D:1      | Noticed a draconian
    12 | D:1      | Noticed a demonspawn
    14 | D:1      | Noticed a troll
    14 | D:1      | Noticed a minotaur
    16 | D:1      | Noticed an ogre
    18 | D:1      | Noticed a centaur
    18 | D:1      | Noticed a gargoyle
    20 | D:1      | Noticed a vampire
    22 | D:1      | Noticed an elf
    22 | D:1      | Noticed a ghoul
    24 | D:1      | Noticed a formicid
    26 | D:1      | Noticed an octopode
   150 | D:1      | Reached XP level 2. HP: 15/15 MP: 6/8
   155 | D:1      | Learned a level 2 spell: Throw Flame
   677 | D:2      | Found a bloodstained altar of Trog.
   751 | D:2      | Reached XP level 3. HP: 17/19 MP: 11/11
   773 | D:2      | Reached skill level 4 in Fire Magic
   903 | D:2      | Learned a level 3 spell: Conjure Flame
  1084 | D:2      | Reached XP level 4. HP: 22/24 MP: 12/14
  1258 | D:2      | Found a burning altar of Makhleb.
  1448 | D:2      | Learned a level 3 spell: Inner Flame
  1520 | D:3      | Found a shattered altar of Ashenzari.
  1542 | D:3      | Became a worshipper of Ashenzari the Shackled
  1592 | D:3      | Found a shadowy altar of Dithmenos.
  1847 | D:3      | Reached XP level 5. HP: 12/28 MP: 3/18
  1896 | D:3      | Noticed Robin
  2030 | D:3      | Killed Robin
  2474 | D:4      | Found a sand-covered staircase.
  2512 | D:4      | Reached skill level 1 in Hexes
  2625 | Ossuary  | Entered an ossuary
  2631 | Ossuary  | Reached skill level 1 in Fighting
  2722 | Ossuary  | Reached XP level 6. HP: 22/34 MP: 11/20
  2731 | Ossuary  | Learned a level 4 spell: Sticky Flame
  3108 | D:4      | Reached skill level 5 in Spellcasting
  3121 | D:4      | Found Trigeunn's Armour Shoppe.
  3252 | D:4      | Noticed Menkaure
  3278 | D:4      | Killed Menkaure
  3278 | D:4      | Reached XP level 7. HP: 37/39 MP: 15/22
  3355 | D:4      | Noticed a moth of wrath
  3357 | D:4      | Found a bloodstained altar of Trog.
  3458 | D:4      | Got the war axe "Clikiq" {chop, Noisy +Blink MR+ Dex+4}
  3459 | D:4      | Identified the +7 war axe "Clikiq" {chop, Noisy +Blink MR+ Dex+4} (You found it on level 4 of the Dungeon)
  3728 | D:5      | Entered Level 5 of the Dungeon
  3757 | D:5      | Noticed Grinder
  3797 | D:5      | Killed Grinder
  3797 | D:5      | Reached skill level 5 in Dodging
  3797 | D:5      | Reached skill level 5 in Conjurations
  3931 | D:5      | Reached skill level 5 in Fire Magic
  4010 | D:5      | Reached skill level 6 in Spellcasting
  4010 | D:5      | Reached XP level 8. HP: 42/45 MP: 5/25
  4034 | D:5      | Found a shimmering altar of Xom.
  4076 | D:5      | Noticed Prince Ribbit
  4116 | D:5      | Killed Prince Ribbit
  4313 | D:5      | Found a staircase to the Ecumenical Temple.
  4769 | D:6      | Learned a level 5 spell: Fireball
  4883 | D:6      | Reached skill level 7 in Spellcasting
  5213 | D:6      | Found a stormy altar of Qazlal.
  5456 | D:7      | Reached XP level 9. HP: 45/51 MP: 24/28
  5714 | D:7      | Reached skill level 8 in Spellcasting
  5749 | D:7      | Found a sparkling altar of Nemelex Xobeh.
  5942 | D:8      | Acquired Ashenzari's first power
  6172 | D:8      | Noticed a komodo dragon
  6174 | D:8      | Got the uncursed ring mail of the Invisible Hand {rPois rN++ Str-3 Int-5}
  6178 | D:8      | Killed a komodo dragon
  6230 | D:8      | Noticed Erolcha
  6253 | D:8      | Killed Erolcha
  6253 | D:8      | Reached skill level 9 in Spellcasting
  6261 | D:8      | Found a staircase to the Lair.
  6912 | D:9      | Reached XP level 10. HP: 49/56 MP: 23/31
  6919 | D:9      | Learned a level 5 spell: Lightning Bolt
  7212 | D:9      | Reached skill level 1 in Air Magic
  7513 | D:10     | Entered Level 10 of the Dungeon
  7513 | D:10     | Found Smoi's Magic Scroll Boutique.
  7577 | D:10     | Noticed a hill giant
  7588 | D:10     | Killed a hill giant
  7686 | D:10     | Reached skill level 10 in Spellcasting
  7870 | D:10     | Bought a scroll of identify for 24 gold pieces
  7870 | D:10     | Bought a scroll of teleportation for 36 gold pieces
  7870 | D:10     | Bought a scroll of identify for 24 gold pieces
  7874 | D:10     | Bought a scroll of identify for 24 gold pieces
  7876 | D:10     | Bought a scroll of immolation for 42 gold pieces
  7876 | D:10     | Bought a scroll of magic mapping for 42 gold pieces
  7876 | D:10     | Bought a scroll of magic mapping for 42 gold pieces
  7933 | D:10     | Noticed an unseen horror
  7934 | D:10     | Killed an unseen horror
  7934 | D:10     | Reached skill level 10 in Conjurations
  8592 | D:11     | Reached XP level 11. HP: 60/60 MP: 10/32
  8615 | D:11     | Noticed a cyclops
  8759 | Lair:1   | Entered Level 1 of the Lair of Beasts
  8803 | Lair:1   | Acquired Ashenzari's second power
  9126 | Lair:1   | Reached skill level 11 in Conjurations
  9143 | Lair:1   | Noticed an eight-headed hydra
  9163 | Lair:1   | Killed an eight-headed hydra
  9335 | Lair:1   | Got the uncursed leather armour of Ghegota {rN+}
  9363 | Lair:1   | Reached skill level 1 in Evocations
  9789 | Lair:2   | Reached skill level 1 in Armour
  9949 | Lair:2   | Noticed a five-headed hydra
  9956 | Lair:2   | Killed a five-headed hydra
 10139 | Lair:2   | Identified the +0 leather armour of Ghegota {rN+} (You found it on level 1 of the Lair of Beasts)
 10602 | Lair:3   | Acquired Ashenzari's third power
 11004 | Lair:3   | Reached XP level 12. HP: 48/66 MP: 0/34
 11604 | Lair:4   | Reached skill level 12 in Spellcasting
 11667 | Lair:4   | Noticed a five-headed hydra
 11730 | Lair:4   | Killed a five-headed hydra
 11733 | Lair:4   | Reached skill level 5 in Air Magic
 12050 | Lair:4   | Found a hole to the Spider Nest.
 12252 | Lair:5   | Noticed Nergalle
 12258 | Lair:5   | Killed Nergalle
 12269 | Lair:5   | Reached skill level 10 in Fire Magic
 12550 | Lair:5   | Noticed a seven-headed hydra
 12559 | Lair:5   | Killed a seven-headed hydra
 12950 | Lair:6   | Noticed an eight-headed hydra
 12954 | Lair:6   | Killed an eight-headed hydra
 12954 | Lair:6   | Reached skill level 10 in Dodging
 13303 | Lair:6   | Noticed Maud
 13315 | Lair:6   | Drew Focus: Int increased to 27, Str decreased to 4
 13337 | Lair:6   | Killed Maud
 13337 | Lair:6   | Reached XP level 13. HP: 62/72 MP: 4/36
 13433 | Lair:6   | Acquired Ashenzari's fourth power
 13439 | Lair:6   | Found a staircase to the Snake Pit.
 13654 | Lair:6   | Reached skill level 5 in Fighting
 13752 | Lair:6   | Reached skill level 13 in Spellcasting
 13837 | Lair:6   | Identified the -9 ring mail of the Invisible Hand {rPois rN++ Str-3 Int-5} (You found it on level 8 of the Dungeon)
 13930 | Lair:6   | Found a staircase to the Swamp.
 14001 | Lair:7   | Found a labyrinth entrance.
 14016 | Lair:7   | Reached skill level 5 in Evocations
 14085 | Lab      | Entered a labyrinth
 14506 | Lab      | Found an exit through the horrors of the Abyss.
 14624 | Lab      | Reached skill level 5 in Stealth
 14887 | Lab      | Identified the Tome of Supportive Attacks
 14890 | Lab      | Identified the Almanac of Malediction
 15092 | Lair:7   | Got the hand axe "Brous" {freeze, rC+ MR- Str+6 Dex+4}
 15096 | Lair:7   | Identified the +8 hand axe "Brous" {freeze, rC+ MR- Str+6 Dex+4} (You found it on level 7 of the Lair of Beasts)
 15493 | Lair:8   | Entered Level 8 of the Lair of Beasts
 15583 | Lair:6   | Learned a level 5 spell: Bolt of Magma
 15584 | Swamp:1  | Entered Level 1 of the Swamp
 16058 | Lair:8   | Found a staircase to the Slime Pits.
 16625 | Lair:6   | Learned a level 3 spell: Call Canine Familiar
 16999 | D:11     | Noticed a seven-headed hydra
 17002 | D:11     | Killed an eight-headed hydra
 17002 | D:11     | Reached XP level 14. HP: 34/78 MP: 2/37
 17010 | D:11     | HP: 3/78 [worker ant (2)]
 17263 | D:11     | Killed a cyclops
 17263 | D:11     | Reached skill level 1 in Earth Magic
 17266 | D:11     | Noticed Josephine
 17284 | D:11     | Reached skill level 1 in Summonings
 17289 | D:11     | Killed Josephine
 17800 | D:11     | Identified a scroll of acquirement
 18504 | D:12     | Reached skill level 14 in Spellcasting
 18549 | D:12     | Found a staircase to the Orcish Mines.
 18939 | Orc:1    | Entered Level 1 of the Orcish Mines
 19239 | Orc:2    | Noticed Maurice
 19243 | Orc:2    | Killed Maurice
 19401 | Orc:2    | Found Kashouca's Food Emporium.
 19491 | Orc:1    | Noticed Duvessa
 19493 | Orc:1    | Noticed Dowan
 19498 | Orc:1    | Killed Dowan
 19499 | Orc:1    | Killed Duvessa
 19580 | Orc:2    | Found Fraw's Distillery.
 19617 | Orc:2    | Bought a potion of degeneration for 13 gold pieces
 19618 | Orc:2    | Bought a potion of heal wounds for 65 gold pieces
 19618 | Orc:2    | Bought a potion of heal wounds for 65 gold pieces
 19618 | Orc:2    | Bought a potion of heal wounds for 65 gold pieces
 19799 | Orc:3    | Found a staircase to the Elven Halls.
 20250 | Orc:4    | Entered Level 4 of the Orcish Mines
 20392 | Orc:4    | Found a flickering gateway to a bazaar.
 20442 | Bazaar   | Entered a bazaar
 20444 | Bazaar   | Found Lifyaf's Antique Armour Boutique.
 20447 | Bazaar   | Found Acirphira's Book Boutique.
 20448 | Bazaar   | Found Jeipp's Jewellery Boutique.
 20448 | Bazaar   | Found Ytisugor's Antique Weapon Boutique.
 20467 | Bazaar   | Bought an uncursed ring of wizardry for 270 gold pieces
 20475 | Bazaar   | Bought a steaming mace for 96 gold pieces
 20480 | Bazaar   | Bought an ancient scale mail for 243 gold pieces
 20480 | Bazaar   | Bought a pair of glowing gloves for 121 gold pieces
 20480 | Bazaar   | Bought a glowing robe for 18 gold pieces
 20511 | Bazaar   | Identified the +4 scale mail of Imuats {Int+4} (You bought it in a shop in a bazaar)
 20569 | Orc:4    | Found a dark tunnel.
 20574 | Volcano  | Entered a volcano
 20895 | Orc:4    | Found a roughly hewn altar of Beogh.
 20932 | Orc:4    | Found a roughly hewn altar of Beogh.
 20932 | Orc:4    | Found Eqiorela's Antique Armour Boutique.
 20964 | Orc:4    | Bought a pair of runed boots for 135 gold pieces
 20964 | Orc:4    | Bought a runed helmet for 135 gold pieces
 20983 | Orc:4    | Bought a runed helmet for 135 gold pieces
 21075 | Orc:4    | Noticed an orc warlord
 21093 | Orc:4    | Killed an orc warlord
 21572 | Orc:4    | Found a roughly hewn altar of Beogh.
 21712 | Orc:4    | Found a roughly hewn altar of Beogh.
 21717 | Orc:4    | Found Sheaxur's General Store.
 21727 | Orc:4    | Bought a scroll of blinking for 90 gold pieces
 21727 | Orc:4    | Bought a scroll of identify for 24 gold pieces
 21908 | Orc:4    | Found a roughly hewn altar of Beogh.
 21910 | Orc:4    | Found Klirimo's Antique Armour Shoppe.
 21915 | Orc:4    | Found Sacuodud's Antique Weapon Emporium.
 21934 | Orc:4    | Bought a steaming leather armour for 182 gold pieces
 21947 | Orc:4    | Identified the +3 leather armour "Gypaott" {rN+ Int+2} (You bought it in a shop on level 4 of the Orcish Mines)
 22054 | Orc:4    | Found a roughly hewn altar of Beogh.
 22317 | Orc:2    | Found Mnisaisi's Assorted Antiques.
 22351 | Orc:2    | Bought a leatherbound book for 405 gold pieces
 22357 | Orc:2    | Learned a level 5 spell: Iskenderun's Battlesphere
 23039 | D:14     | Reached skill level 1 in Charms
 23056 | D:14     | Noticed a sphinx
 23059 | D:14     | Killed a sphinx
 23059 | D:14     | Reached skill level 15 in Spellcasting
 23377 | D:14     | Noticed Fannar
 23382 | D:14     | Killed Fannar
 23386 | D:14     | Noticed Louise
 23412 | D:14     | Killed Louise
 23412 | D:14     | Reached XP level 15. HP: 79/82 MP: 3/39
 23503 | D:14     | Noticed Harold
 23582 | D:14     | Killed Harold
 24349 | D:14     | Reached skill level 5 in Earth Magic
 24415 | D:14     | Reached skill level 5 in Summonings
 24544 | D:14     | Found a gate to the Vaults.
 24631 | D:15     | Entered Level 15 of the Dungeon
 24671 | D:15     | Noticed Azrael
 24686 | D:15     | Killed Azrael
 24688 | D:15     | Noticed Erica
 24721 | D:14     | Reached skill level 1 in Shields
 24792 | D:15     | Killed Erica
 25093 | D:15     | Reached skill level 16 in Spellcasting
 25503 | D:15     | Found a staircase to the Depths.
 25651 | Lair:1   | Learned a level 4 spell: Summon Ice Beast
 25670 | Lair:1   | Identified the cursed +0 mace "Jownutz" {crush, Str+8 Int-2 SInv} (You bought it in a shop in a bazaar)
 25670 | Lair:1   | Identified the cursed -1 shortbow of Ditaj {flame, Str-4 Int+4} (You found it on level 7 of the Lair of Beasts)
 25943 | Orc:4    | Bought a runed leather armour for 52 gold pieces
 25943 | Orc:4    | Bought a dyed leather armour for 52 gold pieces
 25974 | Orc:4    | Bought a pitted scale mail for 234 gold pieces
 25975 | Orc:4    | Bought a runed hat for 104 gold pieces
 26105 | Elf:1    | Entered Level 1 of the Elven Halls
 26121 | Elf:1    | Noticed Sonja
 26132 | Elf:1    | Killed Sonja
 26184 | Elf:1    | Identified the +8 dagger "Stask" {antimagic, rElec rC+ SInv}
 26209 | Elf:1    | Noticed Nessos
 26213 | Elf:1    | Killed Nessos
 26256 | Elf:1    | Reached skill level 1 in Ice Magic
 26263 | Elf:1    | Noticed faibistes' ghost (mighty DEWz)
 26343 | Elf:1    | Killed faibistes' ghost
 26681 | Elf:1    | Identified the Compendium of Summoning (You found it on level 1 of the Elven Halls)
 26686 | Elf:1    | Learned a level 3 spell: Abjuration
 26705 | Elf:1    | Reached XP level 16. HP: 88/88 MP: 37/40
 27418 | Elf:2    | Identified the Papyrus of Sinister Secrets
 27651 | Elf:2    | Found a runed gate.
 27652 | Elf:2    | Found a runed gate.
 27653 | Elf:2    | Found a runed gate.
 27678 | Elf:3    | Entered Level 3 of the Elven Halls
 27818 | Elf:3    | Learned a level 1 spell: Animate Skeleton
 28406 | Elf:3    | Reached skill level 1 in Necromancy
 28486 | Elf:3    | Noticed a deep elf master archer
 28518 | Elf:3    | Noticed a deep elf master archer
 28852 | Elf:3    | Killed a deep elf master archer
 29445 | Elf:3    | Reached skill level 17 in Spellcasting
 29452 | Elf:3    | Reached skill level 15 in Conjurations
 29855 | Elf:3    | Reached skill level 5 in Ice Magic
 29885 | Elf:3    | Reached XP level 17. HP: 46/93 MP: 37/41
 30169 | Elf:3    | Killed a deep elf master archer
 30194 | Elf:3    | Noticed a deep elf master archer
 30392 | Elf:3    | HP: 2/93 [deep elf master archer/arrow of frost (8)]
 30393 | Elf:3    | Killed a deep elf master archer
 30393 | Elf:3    | Reached skill level 5 in Necromancy
 30403 | Elf:3    | Killed from afar by a deep elf sorcerer

Action                   |  1- 3 |  4- 6 |  7- 9 | 10-12 | 13-15 | 16-18 || total
-------------------------+-------+-------+-------+-------+-------+-------++-------
Melee: Dagger            |    29 |    52 |    86 |    46 |    10 |       ||   223
       War axe           |       |       |     3 |    27 |    32 |       ||    62
       Mace              |       |       |       |       |     1 |       ||     1
       Hand axe          |       |       |       |       |     3 |       ||     3
 Fire: Hunting sling     |       |    15 |    18 |    29 |   269 |       ||   331
       Blowgun           |       |       |    14 |    11 |       |       ||    25
Throw: Javelin           |       |       |       |       |       |     1 ||     1
 Cast: Flame Tongue      |    35 |   120 |   104 |   254 |   248 |    24 ||   785
       Throw Flame       |    12 |    33 |    70 |    71 |    77 |    31 ||   294
       Conjure Flame     |       |    13 |    22 |    23 |    23 |     1 ||    82
       Sticky Flame      |       |     2 |    12 |    28 |    53 |     1 ||    96
       Inner Flame       |       |       |     5 |    13 |     2 |       ||    20
       Fireball          |       |       |     9 |   126 |   367 |   142 ||   644
       Lightning Bolt    |       |       |       |     9 |     7 |       ||    16
       Bolt of Magma     |       |       |       |       |    50 |    12 ||    62
       Iskenderun's Batt |       |       |       |       |    62 |    56 ||   118
       Call Canine Famil |       |       |       |       |     2 |     5 ||     7
       Summon Ice Beast  |       |       |       |       |     3 |    11 ||    14
       Abjuration        |       |       |       |       |       |     1 ||     1
 Abil: Evoke Blink       |       |       |       |       |    11 |       ||    11
Evoke: Wand              |       |       |     5 |     8 |    18 |     1 ||    32
       Deck              |       |       |       |     3 |       |       ||     3
       Sack of spiders   |       |       |       |     2 |       |     3 ||     5
       Phial of floods   |       |       |       |     1 |     4 |     1 ||     6
       Box of beasts     |       |       |       |     1 |       |       ||     1
       Phantom mirror    |       |       |       |     1 |       |       ||     1
       Fan of gales      |       |       |       |       |     1 |       ||     1
       Staff of energy   |       |       |       |       |   180 |   255 ||   435
  Use: Scroll            |     5 |     2 |     7 |    17 |    19 |     8 ||    58
       Potion            |       |     1 |       |     2 |     6 |     5 ||    14
 Stab: Sleeping          |     6 |     5 |     4 |     5 |       |       ||    20
       Distracted        |       |       |     1 |     1 |       |       ||     2
       Held in net/web   |       |       |       |     1 |       |       ||     1
  Eat: Chunk             |     1 |     6 |    15 |    31 |    58 |    32 ||   143
       Beef jerky        |       |     2 |       |     1 |     1 |       ||     4
       Meat ration       |       |       |       |     1 |       |       ||     1
       Fruit             |       |       |       |       |     5 |       ||     5
